Map: Eastwatch LE

Players

axu - Winner!

  • Race: Protoss Protoss
  • League: Platinum
  • Spawn Location: 7:00

Diablotyn

  • Race: Terran Terran
  • League: Diamond
  • Spawn Location: 1:00

VOD

Have the link to the VOD?

Description

Time

  • Played on: May 7, 2018, 9:15 a.m.
  • Length: 10:53
Show
View Real Time Build Order
Export as new Build Order

axu Protoss - Winner!

Build Orders: 1 Gate Expand, Blink Stalkers 

Get SALT Encoding   

  12  0:00  Probe  
  13  0:13  Probe  
  14  0:18  Pylon  
  14  0:25  Probe  
  15  0:37  Probe  
  16  0:44  Gateway  
  16  0:49  Probe  
  16  0:54  Assimilator  
  17  0:57  Probe  
  18  1:05  Probe  
  19  1:17  Probe  
  20  1:34  Nexus  
  20  1:43  Cybernetics Core  
  20  1:49  Probe  
  20  1:51  Assimilator  
  21  2:02  Probe  
  22  2:12  Stalker  
  22  2:18  Pylon  
  23  2:24  Warp Gate  
  23  2:36  Probe  
  24  2:48  Probe  
  25  2:56  Stalker  
  27  3:00  Twilight Council  
  27  3:01  Probe  
  27  3:04  Probe  
  29  3:13  Probe  
  29  3:16  Probe, Pylon  
  29  3:17  Gateway  
  31  3:25  Probe  
  32  3:28  Probe  
  33  3:35  Stalker  
  33  3:37  Probe  
  33  3:40  Probe  
  37  3:41  Robotics Facility  
  37  3:47  Blink  
  37  3:49  Probe  
  37  3:52  Probe  
  39  4:01  Probe  
  40  4:03  Stalker  
  40  4:04  Shield Battery, Probe  
  43  4:21  Probe x2  
  45  4:28  Dark Shrine  
  45  4:33  Probe x2  
  47  4:40  Gateway  
  47  4:42  Gateway  
  47  4:45  Probe  
  48  4:48  Stalker x2  
  52  4:53  Observer  
  52  4:56  Assimilator  
  52  4:57  Probe  
  52  4:59  Assimilator  
  54  5:00  Pylon  
  54  5:04  Pylon  
  54  5:19  Observer  
  53  5:39  Immortal  
  53  5:47  Stalker x2  
  59  6:11  Stalker x2  
  63  6:17  Pylon  
  63  6:19  Pylon, Dark Templar x2  
  67  6:31  Immortal  
  67  6:34  Stalker  
  73  6:46  Forge  
  73  6:47  Forge  
  73  6:55  Stalker x3  
  73  7:00  Dark Templar  
  81  7:04  Immortal  
  81  7:05  Nexus  
  81  7:15  Protoss Ground Weapons Level 1  
  85  7:16  Protoss Ground Armor Level 1  
  85  7:22  Charge  
  85  7:41  Pylon, Probe  
  85  7:43  Pylon  
  86  7:50  Pylon  
  86  7:58  Warp Prism  
  86  7:59  Probe x2  
  86  8:04  Templar Archives  
  90  8:11  Probe x2  
  92  8:15  Shield Battery  
  92  8:16  Sentry x3  
  92  8:19  Shield Battery  
  98  8:20  Stalker  
  98  8:23  Probe  
  101  8:42  Gateway  
  101  8:43  Gateway  
  101  8:48  Gateway  
  101  8:54  Gateway  
  101  9:00  Zealot x4  
  109  9:11  Gateway  
  109  9:14  Gateway  
  109  9:27  Dark Templar x2  
  109  9:28  Dark Templar x2  
  85  10:29  Stalker  
  85  10:30  Stalker x3  
Show
View Real Time Build Order
Export as new Build Order

Diablotyn Terran 

Build Orders: Cyclone Opening 

Get SALT Encoding   

  12  0:01  SCV  
  13  0:13  SCV  
  14  0:21  Supply Depot  
  14  0:25  SCV  
  15  0:42  SCV  
  16  0:46  Barracks  
  16  0:54  SCV  
  16  0:56  Refinery  
  17  0:59  Refinery  
  17  1:06  SCV  
  17  1:08  Supply Depot  
  18  1:19  SCV  
  19  1:32  Orbital Command  
  19  1:33  Reaper  
  20  1:55  Factory  
  20  1:58  SCV  
  21  2:07  Supply Depot  
  21  2:10  SCV  
  22  2:22  SCV  
  23  2:34  SCV  
  24  2:39  Cyclone  
  27  2:44  Starport  
  27  2:46  SCV  
  29  2:58  SCV  
  29  3:01  Command Center  
  29  3:10  SCV  
  29  3:12  Cyclone  
  33  3:23  Starport Reactor  
  33  3:40  Armory  
  33  3:44  Armory  
  33  3:48  SCV  
  33  3:52  Cyclone  
  37  4:05  Liberator  
  37  4:23  Refinery  
  40  4:24  Refinery  
  40  4:25  Factory Tech Lab  
  40  4:35  Orbital Command  
  40  4:36  SCV  
  41  4:48  SCV  
  42  5:01  SCV  
  42  5:02  SCV  
  42  5:04  Terran Vehicle Weapons Level 1, Terran Vehicle And Ship Armor Level 1  
  44  5:09  Liberator  
  44  5:13  SCV, Siege Tank  
  48  5:14  SCV  
  49  5:21  Command Center  
  49  5:25  SCV  
  49  5:26  SCV  
  54  5:57  Liberator  
  54  5:58  Liberator  
  54  6:14  SCV  
  54  6:15  SCV, Siege Tank  
  65  6:27  SCV x2  
  67  6:33  Orbital Command, Supply Depot  
  67  6:34  Supply Depot  
  67  6:36  Supply Depot x2  
  67  6:39  SCV x2  
  69  6:41  Liberator x2  
  69  6:44  Command Center  
  69  6:49  Orbital Command  
  69  6:51  SCV x2  
  74  6:56  Siege Tank  
  74  7:01  Starport  
  80  7:03  SCV x2  
  80  7:04  Terran Ship Weapons Level 1  
  82  7:21  Terran Vehicle And Ship Armor Level 2  
  82  7:22  SCV  
  83  7:23  SCV x2  
  85  7:33  Siege Tank  
  88  7:40  Starport Tech Lab  
  88  7:45  Liberator x2  
  94  8:09  Orbital Command  
  94  8:20  Engineering Bay  
  94  8:28  Supply Depot x2  
  94  8:29  Supply Depot, Raven  
  94  8:31  Supply Depot  
  94  8:32  Liberator, Siege Tank  
  99  8:42  SCV x3  
  105  8:57  Orbital Command  
  105  9:06  Refinery, SCV  
  105  9:07  SCV x2  
  105  9:08  Refinery  
  108  9:19  SCV  
  109  9:24  Raven  
  109  9:27  SCV  
  109  9:28  Liberator, SCV x2  
  114  9:44  Siege Tank  
Tags
 
Add a new tag
Caveats
  • Supply blocks, unpowered buildings, or Contaminate may cause inaccurate times.
  • Supply counts are checked every 10 seconds.